 Dungeon Crawl Stone Soup version 0.31-a0-263-ge8cad7f256 (webtiles) character file.

Game seed: 3954528663670395414

101 Iniera the Ducker (level 5, -2/33 HPs)
             Began as a Kobold Monk on July 14, 2023.
             Slain by Jessica
             ... wielding a +0 club
              (4 damage)
             ... on level 2 of the Dungeon.
             The game lasted 00:01:35 (1058 turns).

Iniera the Ducker (Kobold Monk)                     Turns: 1058, Time: 00:01:35

Health: -2/33      AC:  5    Str:  9    XL:     5   Next: 4%
Magic:  5/5        EV: 17    Int: 11    God:
Gold:   37         SH:  0    Dex: 19    Spells: 4/4 levels left

rFire   . . .        a - +0 falchion
rCold   + . .        d - orb {light}
rNeg    . . .        b - +0 robe
rPois   .            (no helmet)
rElec   .            h - +2 cloak
rCorr   .            (no gloves)
SInv    .            (no boots)
Will    +....        (no amulet)
Stlth   +            f - ring of protection from cold
HPRegen 0.25/turn    (no ring)
MPRegen 0.09/turn

%: no passive effects
@: enlightened, flying, slowed, glowing, very slow
A: small, no large weapons, nightstalker 3
a: no special abilities


You were on level 2 of the Dungeon.
You visited 1 branch of the dungeon, and saw 2 of its levels.

You collected 37 gold pieces.

Inventory:

Hand Weapons
 a - a +0 falchion (weapon)
Armour
 b - a +0 robe (worn)
 d - an orb of light (worn)
 h - a +2 cloak (worn)
Jewellery
 f - a ring of protection from cold (left hand)
Scrolls
 i - a scroll of teleportation {unknown}
 j - a scroll of fog {unknown}
 l - a scroll of fear {unknown}
Potions
 c - a potion of ambrosia
 e - a potion of heal wounds {unknown}
 g - a potion of enlightenment
 k - a potion of haste {unknown}


   Skills:
 + Level 4.1 Fighting
 + Level 3.0 Long Blades
 * Level 5.2 Dodging


You had 4 spell levels left.
You didn't know any spells.
Your spell library was empty.

Dungeon Overview and Level Annotations

Branches:
Dungeon (2/15)

Altars:

Annotations:
D:2 Jessica


Innate Abilities, Weirdness & Mutations

You are small and have problems with some larger weapons.
You are completely attuned to the shadows.


Message History

Jessica seems to speed up.
Natasha claws you.
Jessica casts a spell.
Jessica blinks!
You hit Natasha.
Natasha is moderately wounded.
Natasha casts a spell at you. You resist with some effort. Natasha claws you.
Jessica gestures wildly while chanting.
Jessica blinks!
You barely miss Natasha.
Natasha is moderately wounded.
Natasha claws you.
You barely miss Natasha.
Natasha is moderately wounded.
Natasha claws you.
Natasha wildly gestures.
You feel troubled. Natasha closely misses you.
You hit Natasha.
Natasha is moderately wounded.
Natasha misses you.
Natasha stares at you and mumbles some strange words.
The magic dart hits you.
* * * LOW HITPOINT WARNING * * *
You hit Natasha.
Natasha is severely wounded.
Natasha stares at you and mumbles some strange words.
You resist with some effort. Natasha claws you but does no damage.
You hit Natasha.
You kill Natasha!
Natasha screams in pain as she dies!
Jessica hits you with a +0 club.
* * * LOW HITPOINT WARNING * * *
Your Long Blades skill increases to level 3!
You have reached level 5!
You feel stronger.
It was a potion of enlightenment.
You feel very buoyant.
You fly up into the air.
Jessica hits you with a +0 club.
You die...

## ###...
#.....
#.#.#.
#......
#@....# ..
#@##..
###.##..)#..
.>...#......
............
......######
#.....#
....#.#####
..#.#.....#


You could see Jessica (fast).

Vanquished Creatures
  Natasha (twice) (D:2)
  An adder (D:2)
  4 endoplasms
  2 giant cockroaches (D:2)
  A goblin (D:1)
  7 hobgoblins
  10 kobolds
  3 quokkas (D:1)
  2 ball pythons (D:1)
  6 bats
  5 rats
43 creatures vanquished.

Notes
Turn   | Place    | Note
-------+----------+-------------------------------------------
     0 | D:1      | Iniera the Kobold Monk began the quest for the Orb.
     0 | D:1      | Reached XP level 1. HP: 14/14 MP: 1/1
   107 | D:1      | Reached XP level 2. HP: 18/19 MP: 2/2
   113 | D:1      | Reached skill level 4 in Dodging
   250 | D:1      | Reached XP level 3. HP: 23/23 MP: 3/3
   858 | D:2      | Noticed Natasha
   864 | D:2      | Killed Natasha
   865 | D:2      | Reached XP level 4. HP: 29/29 MP: 4/4
   994 | D:2      | Reached skill level 5 in Dodging
  1031 | D:2      | Noticed Jessica
  1047 | D:2      | Noticed Natasha
  1057 | D:2      | Killed Natasha
  1057 | D:2      | HP: 1/29 [Jessica/+0 club (5)]
  1058 | D:2      | Reached XP level 5. HP: 1/33 MP: 5/5
  1058 | D:2      | Slain by Jessica

Illustrated notes

Levels and vault maps discovered:
D:1:      dpeg_cavernosity, layout_rooms, minmay_misc_feat_enclosed
D:2:      cheibrodos_fertilizer, layout_basic, minmay_misc_feat_square,
          uniq_jessica, uniq_natasha

Skill      XL: |  1  2  3  4 |
---------------+-------------+-----
Dodging        | 4 5 |  5.2
Fighting       | 4 |  4.1
Long Blades    | 3 |  3.0

Action                     |  1- 3 |  4- 6 || total
---------------------------+-------+-------++-------
  Melee: Falchion          |    65 |    35 ||   100
    Use: Potion            |       |     1 ||     1
   Stab: Sleeping          |     1 |       ||     1
 Armour: Robe              |     8 |    16 ||    24
  Dodge: Dodged            |    72 |    35 ||   107

Table legend: (Time is in decaauts)
 A = Elapsed time spent in this place.
 B = Non-inter-level travel time spent in this place.
 C = Inter-level travel time spent in this place.
 D = Time resting spent in this place.
 E = Time spent auto-exploring this place.
 F = Levels seen in this place.
 G = Mean time per level.
                   A        B        C        D        E       F      G
               +--------+--------+--------+--------+--------+-----+--------+
         Total |   1079 |   1016 |     63 |      0 |    772 |   2 |  539.5 |
       Dungeon |   1079 |   1016 |     63 |      0 |    772 |   2 |  539.5 |
               +--------+--------+--------+--------+--------+-----+--------+

Top non-repeatable levels by time:
     D:1: 836 daAuts
     D:2: 243 daAuts
